AoeStats
← JamesNewstedd

Arena

509731592Analyzed
4v4 RM · 4d ago on Sep 27, 2026· 56m 45s· 8 players
Game mode
Random Map
Map size
Large (8 player)
Population
200
Speed
Normal
Resources
Standard
Victory
Conquest
Starting age
Dark Age
Ending age
Imperial Age
RankedLock teamsTeams togetherTeam positionsShared explorationLock speedFull tech treeHidden civsTurbo modeCheats
Victory
Defeat
🇺🇸 Vietnamese · United States
1562
+15
🇭🇰 Hindustanis · Hong Kong SAR China
1520
+17
🇵🇪 Aztecs · Peru
1483
+19
🇩🇪 Italians · Germany
1478
+19
🇩🇪 Shu · Germany
1623
-21
🇩🇪 Inca · Germany
1548
-18
🇩🇪 Sicilians · Germany
1508
-16
🇩🇪 Danes · Germany
1489
-15
TrCL.MAN1AC
10:28 Feudal Age
14:09 Castle Age
11:57 Double-Bit Axe
11:55 Horse Collar
15:59 Wheelbarrow
19:13 Hand Cart
22:04 Gold Mining
22:04 Stone Mining
22:18 Heavy Plow
27:52 Imperial Age
25:08 Loom
26:08 Fletching
26:18 Padded Archer Armor
27:08 Ballistics
26:45 Bodkin Arrow
28:16 Leather Archer Armor
29:02 Conscription
28:45 Bracer
29:48 Chemistry
29:47 Elite Genoese Crossbowman
31:40 Ring Archer Armor
33:01 Thumb Ring
33:06 Scale Barding Armor
33:12 Forging
35:30 Chain Barding Armor
35:45 Iron Casting
34:39 Light Cavalry
35:30 Bloodlines
35:20 Husbandry
36:46 Plate Barding Armor
36:47 Iron Casting
35:43 Hussar
37:18 Crop Rotation
37:00 Bow Saw
45:38 Blast Furnace
49:50 Caravan
50:18 Silk Road
51:52 Hoardings
Ohlan100
10:25 Feudal Age
13:59 Castle Age
12:20 Double-Bit Axe
12:43 Horse Collar
14:26 Wheelbarrow
15:05 Bow Saw
15:43 Heavy Plow
21:13 Fletching
24:13 Bodkin Arrow
24:57 Loom
29:21 Gold Mining
33:08 Imperial Age
31:32 Ballistics
31:06 Crossbowman
32:39 Thumb Ring
33:26 Hand Cart
34:58 Chemistry
34:22 Bracer
36:14 Arbalester
38:26 Padded Archer Armor
39:09 Chatras
39:31 Paper Money
42:20 Leather Archer Armor
43:25 Siege Engineers
43:44 Caravan
44:14 Coinage
45:44 Banking
46:03 Masonry
49:49 Ring Archer Armor
54:13 Guilds
Meliod27
11:31 Feudal Age
12:53 Double-Bit Axe
15:28 Castle Age
13:16 Horse Collar
16:25 Bow Saw
18:33 Wheelbarrow
20:27 Loom
22:32 Hand Cart
26:05 Scale Mail Armor
26:34 Pikeman
27:18 Squires
30:04 Imperial Age
27:46 Arson
28:27 Heavy Plow
28:52 Stone Mining
28:54 Gold Mining
29:03 Eagle Warrior
29:54 Forging
29:59 Chain Mail Armor
31:20 Iron Casting
30:17 Elite Eagle Warrior
32:58 Capped Ram
35:16 Plate Mail Armor
36:25 Conscription
36:14 Town Watch
37:05 Gold Shaft Mining
37:05 Stone Shaft Mining
37:33 Fletching
39:18 Coinage
39:58 Blast Furnace
39:05 Elite Jaguar Warrior
41:47 Crop Rotation
41:53 Ballistics
41:13 Treadmill Crane
41:48 Bodkin Arrow
41:15 Pikeman
43:23 Chemistry
42:18 Murder Holes
45:39 Bracer
46:11 Siege Engineers
46:11 Onager
52:01 Garland Wars
52:11 Atlatl
大庆Song
10:42 Feudal Age
10:22 Loom
20:02 Castle Age
18:07 Horse Collar
19:17 Gold Mining
19:13 Double-Bit Axe
20:51 Wheelbarrow
20:50 Heavy Plow
21:27 Bow Saw
23:24 Scale Mail Armor
25:24 Chain Mail Armor
25:49 Chain Mail Armor
26:34 Town Watch
27:01 Forging
29:45 Gold Shaft Mining
32:51 Imperial Age
30:46 Hand Cart
32:11 Iron Casting
32:37 Fletching
33:17 Padded Archer Armor
34:41 Blast Furnace
33:46 Scale Barding Armor
34:45 Chemistry
33:37 Heavy Camel Rider
34:28 Bloodlines
35:09 Husbandry
36:00 Elite Skirmisher
37:20 Bodkin Arrow
38:08 Ballistics
38:33 Thumb Ring
39:12 Imperial Skirmisher
46:58 Caravan
47:53 Bracer
48:09 Leather Archer Armor
48:08 Masonry
52:31 Two-Man Saw
51:37 Light Cavalry
55:07 Siege Elephant
Öl1ng
8:16 Feudal Age
8:42 Double-Bit Axe
8:51 Loom
10:39 Horse Collar
19:25 Castle Age
21:34 Bow Saw
21:46 Heavy Plow
22:59 Town Watch
24:28 Gold Mining
28:08 Wheelbarrow
30:24 Imperial Age
27:49 Crossbowman
28:30 Fletching
28:40 Padded Archer Armor
29:03 Ballistics
29:53 Wheelbarrow
29:57 Bodkin Arrow
30:51 Hand Cart
31:08 Bracer
30:29 Arbalester
32:54 Leather Archer Armor
33:08 Thumb Ring
33:44 Andean Sling
33:55 Andean Sling
34:16 Conscription
33:51 Stone Mining
34:39 Gold Shaft Mining
34:37 Crop Rotation
35:10 Ring Archer Armor
37:52 Chemistry
36:34 Treadmill Crane
36:59 Siege Engineers
37:05 Masonry
38:41 Elite Skirmisher
38:54 Heavy Scorpion
40:20 Caravan
40:31 Guilds
43:35 Hoardings
49:08 Capped Ram
50:36 Siege Ram
Scol1ng
10:40 Feudal Age
14:43 Castle Age
12:42 Double-Bit Axe
13:24 Horse Collar
15:36 Bow Saw
15:32 Scale Mail Armor
15:36 Man-at-Arms
16:02 Gambesons
19:27 Gold Mining
20:23 Long Swordsman
22:13 Forging
22:44 Squires
22:29 Arson
22:45 Town Watch
23:37 Chain Mail Armor
23:53 Heavy Plow
25:31 Wheelbarrow
27:57 Hand Cart
28:43 Loom
30:25 Fletching
33:09 Imperial Age
33:52 Devotion
52:36 Caravan
SvenVonE ツ
10:52 Feudal Age
14:50 Castle Age
12:41 Double-Bit Axe
13:04 Horse Collar
13:44 Scale Mail Armor
13:54 Loom
16:41 Bow Saw
16:28 Gold Mining
24:19 Wheelbarrow
24:38 Forging
24:57 Squires
24:42 Gambesons
26:40 Heavy Plow
27:17 Chain Mail Armor
31:33 Imperial Age
29:02 Stone Mining
30:05 Iron Casting
29:25 Arson
33:46 Plate Mail Armor
36:18 Conscription
37:18 Hand Cart
38:59 Onager
41:04 Chemistry
40:11 Heavy Scorpion
42:06 Ballistics
42:07 Siege Engineers
43:21 Town Watch
48:57 Elite Jomsviking
52:33 Fletching
52:44 Padded Archer Armor
52:54 Elite Skirmisher
53:45 Bodkin Arrow
54:41 Bracer
54:56 Leather Archer Armor
JamesNewstedd
11:54 Feudal Age
12:56 Double-Bit Axe
13:15 Horse Collar
15:50 Castle Age
16:05 Wheelbarrow
16:49 Bow Saw
16:43 Heavy Plow
22:06 Gold Mining
22:43 Stone Mining
23:39 Hand Cart
23:10 Town Watch
23:53 Fervor
28:37 Imperial Age
26:29 Scale Barding Armor
27:30 Chain Barding Armor
27:20 Forging
28:31 Husbandry
28:42 Bloodlines
28:05 Light Cavalry
28:57 Caravan
28:48 Cavalier
30:26 Plate Barding Armor
30:26 Iron Casting
30:36 Gold Shaft Mining
32:38 Stone Shaft Mining
33:09 Crop Rotation
34:08 Blast Furnace
33:26 Hauberk
33:28 Scale Mail Armor
33:33 Squires
33:19 Arson
33:32 Town Watch
36:12 Conscription
36:09 Chain Mail Armor
37:29 Plate Mail Armor
36:24 Pikeman
37:58 Sappers
39:50 Plate Mail Armor
40:27 First Crusade
40:43 Hoardings
39:29 Elite Serjeant
40:46 Guilds
43:35 Fletching
44:46 Bodkin Arrow
45:03 Masonry
44:59 Siege Engineers
45:55 Chemistry
45:16 Ballistics
46:30 Bracer
47:35 Chemistry
46:22 Arrowslits
47:26 Padded Archer Armor
49:35 Murder Holes
Connection lost

Rejoining the realm…

Still unreachable

The connection could not be restored.

Session expired

The server has moved on; the page needs a fresh start.